 Dungeon Crawl Stone Soup version 0.18.1-50-g88ac8fd (webtiles) character file.

29 kengeki the Changer (level 3, 0/26 HPs)
             Began as a Merfolk Transmuter on Nov 4, 2016.
             Slain by a goblin
             ... wielding a +0 dagger
              (4 damage)
             ... on level 2 of the Dungeon.
             The game lasted 00:09:38 (1380 turns).

kengeki the Changer (Merfolk Transmuter)            Turns: 1380, Time: 00:09:39

Health: 0/26       AC:  3    Str: 10    XL:     3   Next: 16%
Magic:  5/6        EV: 13    Int: 13    God:
Gold:   56         SH:  0    Dex: 14    Spells: 2 memorised, 2 levels left

rFire  . . .     SeeInvis .       - Unarmed
rCold  . . .     Gourm    .     b - +1 robe
rNeg   . . .     Faith    .     (no shield)
rPois  .         Spirit   .     (no helmet)
rElec  .         Dismiss  .     (no cloak)
rCorr  .         Reflect  .     (no gloves)
SustAt .         Harm     .     (no boots)
MR     .....                    (no amulet)
Stlth  +.........               (no ring)
                                (no ring)

@: lethally poisoned (0 -> -3), appendage, not resistant to hostile
enchantments, very unstealthy
A: change form in water, swift swim, horns 2
a: End Transformation


You were on level 2 of the Dungeon.
You were not hungry.
You had grown temporary horns.
You visited 1 branch of the dungeon, and saw 2 of its levels.

You collected 56 gold pieces.

Inventory:

Missiles
 a - 28 arrows
Armour
 b - a +1 robe (worn)
Scrolls
 e - 4 scrolls of identify
 h - a scroll of magic mapping
 j - a scroll of fog
Books
 c - a book of Changes

   Spells                             Type                      Level
   a - Beastly Appendage              Transmutation                1
   b - Sticks to Snakes               Transmutation                2
   c - Spider Form                    Transmutation/Poison         3
   d - Ice Form                       Ice/Transmutation            4
   e - Blade Hands                    Transmutation                5
Comestibles
 d - a bread ration
 f - a beef jerky
 g - 3 meat rations
 i - 5 chunks of flesh


   Skills:
 - Level 1.1 Fighting
 - Level 2.8 Dodging
 - Level 3.2 Unarmed Combat
 - Level 2.1 Spellcasting
 - Level 4.4 Transmutations
 * Level 0.0 Poison Magic


You had 2 spell levels left.
You knew the following spells:

 Your Spells              Type           Power        Failure   Level  Hunger
a - Beastly Appendage     Trmt           ##....       6%          1    ##.....
s - Spider Form           Trmt/Pois      #.........   34%         3    ####...


Dungeon Overview and Level Annotations

Branches:
Dungeon (2/15)

Altars:
Nemelex Xobeh


Innate Abilities, Weirdness & Mutations

You revert to your normal form in water.
You are very nimble and swift while swimming.
You have a pair of horns on your head.


Message History

Unknown command.
Unknown command.
Casting: Beastly Appendage
Confirm with . or Enter, or press ? or * to list all spells.
You extend your transformation's duration.
* * * LOW HITPOINT WARNING * * *
You feel sick.
A goblin comes into view. It is wielding a dagger.
* * * LOW HITPOINT WARNING * * *
You feel sick.
You hit the goblin.
You kill the goblin!
* * * LOW HITPOINT WARNING * * *
You feel sick.
You closely miss the goblin.
* * * LOW HITPOINT WARNING * * *
You feel sick. The goblin barely misses you.
You closely miss the goblin. Your headbutt misses the goblin.
The goblin hits you with a dagger.
You die...

..# #.......#
###
#.......#####..#
.#
#..............#
.# ...?......#.
.# ...........
.### #.........
...# #.......#
#### #.g.....#
###### #.@.....#
.....# #..)....#
.....# #....?..#
.....# #.......#
.....# #.......#
.....#
#.....##.......#
.....#
#.....##.......#
.....#
#.....##.......#
######
#.....##########


You could see a goblin.

Vanquished Creatures
  3 giant cockroaches (D:1)
  5 goblins
  A hobgoblin (D:1)
  4 jackals (D:2)
  4 kobolds
  4 bats (D:1)
  2 giant newts (D:1)
  5 rats
28 creatures vanquished.

Notes
Turn   | Place    | Note
--------------------------------------------------------------
     0 | D:1      | kengeki the Merfolk Transmuter began the quest for the Orb.
     0 | D:1      | Reached XP level 1. HP: 15/15 MP: 3/3
   118 | D:1      | Reached skill level 3 in Transmutations
   188 | D:1      | Reached XP level 2. HP: 14/21 MP: 1/5
   531 | D:1      | Reached skill level 4 in Transmutations
   841 | D:2      | Found a sparkling altar of Nemelex Xobeh.
  1223 | D:2      | Reached XP level 3. HP: 26/26 MP: 4/6
  1228 | D:2      | Learned a level 3 spell: Spider Form
  1380 | D:2      | Slain by a goblin

Skill      XL: |  1  2 |
---------------+-------+-----
Transmutations | 3 4 |  4.4
Fighting       | |  1.1
Dodging        | |  2.8
Unarmed Combat | |  3.2
Spellcasting   | |  2.1

Action                   || total
-------------------------++-------
Melee: Unarmed           ||   105
       Headbutt          ||    10
 Cast: Beastly Appendage ||    25
  Use: Potion            ||     3
       Scroll            ||     6
  Eat: Chunk             ||     2
Armor: Robe              ||    27
Dodge: Dodged            ||    73
